Map: Romanticide LE

Players

Solar

  • Race: Zerg Zerg
  • Spawn Location: 5:00

Maru - Winner!

  • Race: Terran Terran
  • Spawn Location: 11:00

Event: IEM Katowice 2021

VOD

Have the link to the VOD?

Description

Time

  • Played on: Feb. 22, 2021, 11:03 a.m.
  • Length: 40:08

All games in this series

Show
View Real Time Build Order
Export as new Build Order

Solar Zerg 

Build Orders: Hatch First, Lurkers 

Get SALT Encoding   

  12  0:00  Drone  
  13  0:13  Overlord  
  13  0:16  Drone  
  14  0:31  Drone  
  14  0:32  Drone  
  16  0:48  Hatchery  
  15  0:51  Drone  
  15  0:54  Drone  
  17  0:58  Drone  
  18  1:13  Spawning Pool  
  18  1:16  Drone  
  18  1:19  Drone  
  19  1:29  Drone  
  19  1:31  Extractor  
  19  1:39  Drone  
  20  1:50  Drone  
  21  1:59  Queen x2  
  21  2:00  Zergling x2  
  21  2:01  Zergling x2  
  27  2:11  Overlord  
  27  2:12  Drone  
  28  2:23  Hatchery  
  28  2:26  Drone  
  28  2:30  Drone  
  29  2:37  Queen  
  29  2:44  Drone  
  32  2:46  Metabolic Boost  
  32  2:50  Overlord  
  32  2:53  Drone  
  32  2:55  Drone  
  32  2:58  Drone  
  35  3:00  Drone  
  36  3:09  Drone x4  
  40  3:21  Queen, Pneumatized Carapace  
  40  3:24  Drone  
  40  3:26  Overlord  
  43  3:28  Drone  
  44  3:34  Queen  
  44  3:35  Drone  
  44  3:40  Drone  
  44  3:41  Drone x2  
  50  3:46  Zergling x2  
  50  3:48  Zergling x2  
  52  3:50  Drone  
  52  3:52  Drone x2  
  52  3:53  Drone  
  52  3:55  Overlord  
  56  3:59  Queen  
  56  4:02  Overlord  
  58  4:04  Overlord  
  58  4:10  Overlord  
  58  4:14  Drone x3  
  58  4:16  Drone, Spore Crawler  
  61  4:18  Drone  
  61  4:19  Zergling x2  
  61  4:23  Drone  
  64  4:24  Baneling Nest  
  64  4:26  Zergling x2  
  64  4:28  Drone x3  
  64  4:29  Drone  
  68  4:33  Drone  
  68  4:34  Spore Crawler  
  68  4:36  Drone  
  69  4:40  Drone x2  
  69  4:41  Extractor  
  69  4:43  Drone x3  
  73  4:48  Lair, Spore Crawler  
  73  4:52  Evolution Chamber, Extractor  
  70  4:53  Drone x2  
  70  4:55  Drone  
  70  4:56  Overlord  
  70  4:58  Zergling x2  
  74  5:00  Drone x2  
  74  5:03  Drone  
  77  5:09  Queen  
  77  5:10  Zergling x6  
  81  5:18  Evolution Chamber x2, Overlord  
  81  5:19  Drone  
  81  5:21  Drone x4  
  83  5:22  Extractor  
  83  5:23  Drone  
  83  5:25  Drone  
  83  5:26  Drone x2  
  87  5:29  Extractor  
  87  5:32  Drone x2  
  89  5:38  Drone  
  82  5:45  Drone x3  
  82  5:49  Drone x2  
  77  5:50  Drone  
  77  5:52  Zergling x12  
  77  5:53  Zerg Ground Armor Level 1  
  77  5:56  Drone  
  85  5:58  Drone x2  
  87  6:07  Overlord  
  87  6:08  Drone x2  
  87  6:15  Hatchery  
  87  6:17  Centrifical Hooks, Zerg Melee Weapons Level 1  
  86  6:18  Zergling x2  
  86  6:19  Zergling x2  
  86  6:20  Zergling x4  
  86  6:24  Zergling x6  
  93  6:27  Zergling x4  
  93  6:29  Overlord  
  93  6:31  Zergling x4  
  97  6:40  Baneling x4  
  97  6:41  Baneling x2  
  97  6:44  Zergling x2  
  97  6:45  Overlord  
  97  6:46  Zergling x2  
  99  6:52  Zergling x10  
  99  6:53  Zergling x2  
  105  7:00  Drone x5  
  107  7:01  Drone  
  107  7:02  Baneling x3  
  107  7:03  Overlord  
  107  7:04  Drone  
  107  7:08  Overseer, Baneling  
  109  7:09  Zergling x2  
  109  7:15  Drone x2  
  112  7:20  Overlord  
  112  7:23  Drone x3  
  112  7:26  Zergling x8  
  112  7:27  Baneling x7  
  112  7:28  Queen  
  120  7:32  Zergling x2  
  120  7:33  Zergling x8  
  125  7:37  Zergling x2  
  125  7:39  Overlord  
  125  7:42  Zergling x2  
  125  7:43  Overlord  
  127  7:47  Drone  
  127  7:50  Drone  
  127  7:51  Drone, Zerg Ground Armor Level 2  
  128  7:52  Drone x2  
  128  7:54  Zergling x2  
  128  7:55  Zergling x8  
  133  7:59  Baneling  
  133  8:00  Baneling x2  
  133  8:01  Zergling x10  
  133  8:03  Zergling x2  
  133  8:04  Zergling x4  
  140  8:08  Hatchery  
  140  8:09  Zergling x4  
  123  8:14  Zergling x4  
  123  8:15  Baneling  
  123  8:16  Baneling x6  
  123  8:18  Zerg Melee Weapons Level 2  
  123  8:19  Zergling x6  
  128  8:21  Drone  
  128  8:24  Drone x2  
  130  8:27  Drone x2, Infestation Pit  
  130  8:28  Hatchery, Extractor, Drone x3  
  130  8:29  Hydralisk Den  
  130  8:33  Zergling x2  
  132  8:34  Overlord  
  132  8:39  Zergling x6, Baneling x3  
  135  8:45  Zergling x6  
  135  8:48  Baneling x9  
  135  8:49  Zergling x2, Baneling  
  135  8:50  Zergling x4  
  139  8:55  Zergling x8  
  139  8:56  Zergling x2  
  139  8:59  Zergling x12  
  139  9:02  Grooved Spines  
  148  9:05  Zergling x6, Lurker Den  
  148  9:06  Baneling  
  148  9:07  Baneling x4  
  148  9:09  Zergling x2  
  149  9:12  Zergling x2  
  146  9:17  Zergling x4  
  146  9:19  Baneling x6  
  146  9:21  Zergling x4  
  146  9:24  Hive  
  146  9:26  Zergling x4  
  146  9:27  Zergling x2  
  146  9:29  Zergling x4  
  147  9:32  Zergling x8  
  147  9:35  Zergling x6  
  147  9:38  Zergling x6  
  147  9:41  Hatchery  
  147  9:43  Zergling x2  
  139  9:47  Zergling x6  
  139  9:50  Baneling x3  
  139  9:52  Drone  
  141  9:54  Drone x2  
  141  9:55  Drone  
  143  10:00  Drone  
  143  10:02  Overlord  
  143  10:03  Hydralisk x7  
  143  10:06  Zergling x2  
  154  10:15  Zergling x8  
  154  10:20  Zergling x2  
  157  10:25  Queen  
  157  10:27  Spore Crawler  
  157  10:28  Hatchery  
  157  10:31  Drone x2  
  157  10:32  Zergling x4, Spore Crawler  
  157  10:33  Spore Crawler  
  157  10:34  Overlord  
  157  10:35  Zergling x6  
  161  10:36  Zerg Missile Weapons Level 1  
  159  10:43  Viper x2  
  159  10:47  Zergling x12  
  171  10:52  Overlord  
  171  10:54  Seismic Spines, Adrenal Glands  
  171  10:59  Zergling x8  
  171  11:02  Hydralisk x3  
  177  11:05  Queen  
  177  11:06  Drone x3  
  177  11:08  Extractor  
  177  11:09  Overlord  
  177  11:11  Extractor  
  180  11:14  Lurker  
  180  11:15  Lurker  
  180  11:18  Lurker  
  183  11:19  Zergling x14  
  190  11:28  Overseer  
  182  11:33  Zergling x20  
  182  11:36  Baneling x11  
  182  11:39  Overlord x4  
  187  11:48  Zergling x18  
  187  11:51  Zergling x4, Adaptive Talons  
  193  11:56  Zergling x6  
  190  12:02  Zergling x2  
  199  12:20  Lurker x6  
  199  12:21  Lurker  
  198  12:33  Muscular Augments  
  198  12:34  Hatchery  
  198  12:36  Drone x3  
  197  12:40  Hydralisk  
  197  12:41  Zergling x6  
  200  12:45  Hatchery  
  200  12:49  Zergling x4  
  198  13:09  Zergling x4  
  200  13:15  Baneling x4  
  200  13:16  Zergling x2  
  200  13:17  Zergling x6  
  200  13:30  Zergling x8  
  200  13:31  Zergling x26  
  200  13:32  Zergling x2  
  200  13:34  Hydralisk x8  
  185  13:39  Hydralisk  
  191  13:45  Hydralisk  
  191  13:46  Hydralisk x6  
  183  13:50  Zergling x12  
  176  13:56  Hydralisk x4  
  176  14:00  Zergling x4  
  181  14:05  Viper x2  
  181  14:09  Hatchery  
  183  14:11  Lurker x6  
  183  14:13  Zergling x4  
  191  14:20  Baneling x4  
  191  14:21  Baneling x4  
  191  14:22  Overseer  
  191  14:24  Overseer  
  191  14:29  Zergling x8  
  192  14:34  Zergling x8  
  196  14:39  Zergling x6  
  196  14:45  Zergling x12  
  198  14:47  Baneling  
  198  14:48  Baneling x4  
  198  14:49  Lurker  
  198  14:50  Lurker  
  200  14:54  Baneling  
  200  14:55  Baneling x6  
  200  15:07  Drone x3  
  199  15:12  Baneling x6  
  199  15:14  Hatchery  
  199  15:30  Zergling x2  
  199  15:31  Zergling x6  
  199  15:52  Zergling x2  
  199  16:00  Zerg Melee Weapons Level 3, Zerg Ground Armor Level 3  
  199  16:04  Overseer  
  199  16:05  Drone  
  199  16:11  Extractor  
  199  16:16  Baneling x2  
  199  16:21  Spire  
  199  16:22  Spire  
  199  16:23  Drone  
  199  16:25  Baneling  
  197  16:27  Unknown, Drone x2  
  197  16:29  Baneling, Spore Crawler  
  197  16:30  Baneling  
  197  16:31  Drone  
  198  16:33  Drone  
  198  16:37  Extractor  
  198  16:44  Zergling x6  
  179  16:54  Hydralisk x3  
  179  16:55  Zergling x6  
  179  16:58  Zergling x12  
  179  17:00  Zergling x10  
  181  17:03  Lurker x2  
  181  17:04  Lurker x4  
  181  17:05  Hydralisk, Zergling x6  
  181  17:06  Zergling x14  
  199  17:12  Overlord  
  199  17:13  Hatchery, Overlord  
  198  17:16  Overlord  
  198  17:18  Overlord  
  198  17:25  Overlord  
  198  17:29  Spore Crawler  
  197  17:30  Extractor  
  197  17:31  Drone x3  
  197  17:32  Extractor  
  197  17:34  Zerg Flyer Armor Level 1, Zerg Flyer Weapons Level 1  
  197  17:39  Drone  
  197  17:40  Hatchery, Drone  
  198  17:45  Drone x2  
  198  17:51  Pathogen Glands  
  200  18:01  Zergling x4  
  199  18:19  Burrow, Drone  
  199  18:37  Zerg Missile Weapons Level 2  
  199  18:40  Overseer x2, Baneling x13  
  199  18:55  Spore Crawler  
  198  19:01  Hatchery  
  197  19:04  Drone  
  197  19:09  Drone x2, Neural Parasite  
  200  19:23  Spore Crawler  
  199  19:25  Extractor, Spore Crawler  
  199  19:26  Extractor, Spore Crawler x3  
  188  19:46  Drone x3  
  188  19:48  Zergling x6  
  188  19:49  Greater Spire, Zerg Flyer Armor Level 2  
  193  20:06  Viper  
  190  20:21  Zergling x20  
  200  20:30  Hatchery  
  197  21:04  Hatchery  
  194  21:07  Extractor  
  193  21:12  Zerg Flyer Weapons Level 2  
  193  21:24  Hatchery  
  192  21:31  Overseer  
  191  21:56  Corruptor x4  
  198  22:14  Zergling x8  
  193  22:23  Overseer  
  193  22:38  Overlord  
  193  22:39  Overlord  
  193  22:40  Corruptor x3  
  199  22:51  Spore Crawler x2  
  197  23:04  Overlord  
  197  23:15  Overseer x3  
  191  23:21  Spore Crawler  
  191  23:22  Spore Crawler  
  191  23:25  Spore Crawler  
  191  23:26  Corruptor  
  191  23:27  Corruptor x4  
  178  23:32  Corruptor  
  178  23:33  Corruptor x3  
  148  24:04  Zergling x38  
  148  24:06  Zergling x50  
  148  24:07  Zergling x12  
  148  24:08  Zergling x30  
  200  24:15  Zergling x2  
  198  24:24  Zergling x2  
  198  24:25  Zergling x2  
  199  24:32  Zergling x14, Hatchery  
  199  24:35  Overlord  
  166  24:46  Zergling x30  
  166  24:50  Corruptor  
  166  24:51  Zerg Flyer Armor Level 3  
  166  24:52  Infestor x3, Zerg Flyer Weapons Level 3  
  172  24:57  Baneling x9  
  172  24:58  Baneling x3  
  172  24:59  Overseer  
  172  25:07  Corruptor x4  
  172  25:08  Corruptor  
  182  25:16  Brood Lord x9  
  198  25:40  Spore Crawler x2  
  198  25:42  Overseer x4  
  192  25:49  Brood Lord x3  
  192  26:03  Corruptor x4  
  192  26:04  Corruptor  
  178  26:07  Infestor x3, Drone x16  
  178  26:08  Infestor x2  
  178  26:11  Corruptor x2  
  180  26:15  Zergling x6  
  180  26:17  Drone x3  
  184  26:24  Corruptor x2  
  184  26:25  Hatchery, Corruptor x3  
  191  26:30  Overseer  
  191  26:31  Hatchery  
  192  26:35  Brood Lord x2  
  200  26:40  Corruptor x2  
  200  26:46  Overseer x2  
  200  26:51  Spore Crawler  
  200  26:52  Spore Crawler  
  200  26:53  Spore Crawler  
  200  26:54  Spore Crawler x2  
  195  26:59  Overseer  
  195  27:00  Corruptor x2  
  198  27:02  Infestor  
  199  27:09  Overseer, Hatchery  
  196  27:20  Zergling x14  
  196  27:21  Zergling x12  
  200  27:27  Baneling x4  
  199  27:38  Overseer x2  
  199  27:41  Drone  
  200  27:53  Overlord  
  200  27:57  Hatchery  
  199  28:17  Drone  
  200  28:21  Baneling  
  200  28:22  Baneling  
  200  28:26  Overseer  
  200  28:29  Overseer  
  200  28:30  Overseer x2  
  200  28:35  Hatchery  
  199  28:55  Drone  
  200  28:56  Baneling  
  200  29:02  Hatchery, Overseer  
  198  29:06  Zergling x4  
  200  29:18  Overseer  
  200  29:23  Infestor x5  
  198  29:27  Infestor  
  196  29:39  Brood Lord  
  196  29:43  Infestor x2  
  196  29:44  Zergling x4  
  197  29:53  Zergling x2  
  197  29:54  Zergling x4  
  197  30:01  Zergling x10  
  197  30:03  Zergling x6  
  197  30:04  Overseer  
  198  30:42  Brood Lord x2  
  199  31:07  Spore Crawler  
  199  31:08  Spore Crawler  
  199  31:10  Corruptor  
  199  31:11  Spore Crawler  
  199  31:16  Drone x2  
  198  31:19  Zergling x2  
  199  31:27  Overseer  
  195  31:42  Corruptor x2  
  195  31:43  Hatchery  
  199  32:07  Baneling x8  
  198  32:09  Zergling x2  
  198  32:10  Overseer x8  
  199  32:20  Spore Crawler  
  198  32:35  Zergling x2  
  199  32:37  Spore Crawler  
  199  32:41  Spore Crawler x2  
  196  32:50  Viper  
  193  33:20  Corruptor, Brood Lord  
  193  33:21  Corruptor  
  193  33:26  Corruptor  
  199  33:37  Spine Crawler  
  199  33:38  Zergling x8  
  199  33:41  Zergling x4  
  200  33:46  Hydralisk  
  200  33:49  Baneling x2  
  200  33:52  Extractor  
  200  33:54  Hatchery  
  200  33:55  Extractor  
  197  33:58  Infestor  
  199  34:16  Spore Crawler x3  
  196  34:17  Spore Crawler x2  
  196  34:18  Spore Crawler x2  
  196  34:19  Spore Crawler  
  196  34:23  Spore Crawler  
  190  34:24  Queen x2  
  190  34:27  Infestor  
  190  34:28  Infestor  
  196  34:31  Hydralisk  
  196  34:32  Zergling x2  
  196  34:33  Extractor  
  193  34:41  Zergling x18  
  198  34:52  Zergling x6  
  199  34:55  Overlord  
  199  34:57  Overlord  
  190  35:07  Corruptor x2  
  184  35:10  Overlord  
  184  35:13  Infestor  
  184  35:14  Infestor  
  184  35:18  Zergling x4  
  184  35:19  Zergling x2  
  189  35:24  Brood Lord  
  189  35:26  Corruptor x2  
  194  35:33  Corruptor x2  
  198  35:39  Extractor  
  198  35:40  Hatchery  
  195  35:46  Zergling x2  
  195  35:47  Zergling x16  
  198  37:17  Zergling x8  
  198  37:18  Zergling x18  
  198  37:19  Corruptor x3  
  198  37:21  Queen x2  
  186  37:30  Viper x2  
  184  37:45  Corruptor x6  
  190  37:52  Brood Lord  
  190  37:53  Brood Lord x2  
  196  38:00  Hatchery, Extractor x2  
  193  38:10  Overlord x3  
  193  38:26  Overlord  
  191  38:33  Zergling x4, Baneling x3  
  191  38:34  Zergling x4  
  193  38:48  Corruptor x2, Brood Lord  
  191  39:35  Viper x2, Corruptor  
  191  39:36  Corruptor x2  
Show
View Real Time Build Order
Export as new Build Order

Maru Terran - Winner!

Build Orders: Hellion Opening, Reaper Expand 

Get SALT Encoding   

  12  0:00  SCV  
  13  0:12  SCV  
  14  0:17  Supply Depot  
  14  0:24  SCV  
  15  0:38  SCV  
  15  0:40  Barracks  
  16  0:43  Refinery  
  16  0:51  SCV  
  17  1:03  SCV  
  18  1:15  SCV  
  19  1:27  Reaper, Orbital Command  
  20  1:38  Command Center  
  20  1:50  Supply Depot  
  20  1:53  SCV  
  21  1:59  Marine  
  22  2:03  Factory  
  22  2:05  SCV  
  23  2:17  SCV  
  23  2:22  Barracks Reactor  
  24  2:29  SCV  
  25  2:41  SCV, Command Center  
  27  2:52  Orbital Command  
  27  2:53  SCV  
  27  2:57  Starport  
  27  3:03  Refinery  
  28  3:05  SCV  
  28  3:13  Hellion x2  
  28  3:17  SCV  
  28  3:18  SCV  
  34  3:29  SCV  
  34  3:32  SCV  
  34  3:33  Viking  
  38  3:38  Hellion x2  
  38  3:41  Barracks Tech Lab  
  42  3:42  SCV  
  42  3:44  SCV  
  44  3:48  Supply Depot  
  44  3:54  SCV  
  45  3:56  SCV  
  45  3:59  Hellion x2  
  45  4:02  Orbital Command  
  50  4:06  SCV  
  50  4:09  Liberator  
  54  4:12  SCV  
  54  4:14  Supply Depot  
  54  4:16  Marine  
  56  4:18  Refinery  
  56  4:19  Stimpack  
  56  4:22  Hellion  
  58  4:24  Hellion  
  58  4:28  SCV  
  58  4:31  SCV  
  62  4:34  Marine  
  62  4:38  Supply Depot  
  63  4:41  SCV, Orbital Command  
  63  4:44  SCV  
  65  4:51  Barracks  
  65  4:52  Starport Reactor  
  65  4:53  SCV  
  65  4:54  Barracks  
  65  4:56  Engineering Bay, Factory Reactor  
  65  4:57  Engineering Bay  
  65  4:59  SCV  
  67  5:02  Supply Depot, Marine  
  67  5:05  SCV  
  67  5:06  SCV  
  70  5:12  SCV  
  71  5:17  SCV  
  71  5:20  Barracks x2, Marine  
  73  5:23  Terran Infantry Weapons Level 1, Terran Infantry Armor Level 1  
  73  5:27  Supply Depot  
  73  5:29  SCV  
  73  5:34  SCV  
  75  5:38  SCV, Marine  
  75  5:40  Marine, Factory Tech Lab  
  76  5:43  SCV  
  76  5:44  Marine  
  76  5:46  Medivac  
  76  5:47  Medivac  
  76  5:48  SCV  
  68  5:54  Marine x2  
  68  5:55  SCV x2  
  72  5:58  Refinery  
  72  6:00  SCV  
  72  6:02  Marine, Combat Shield  
  77  6:04  Siege Tank  
  77  6:06  Marine  
  77  6:08  SCV  
  76  6:12  Barracks Reactor x2  
  76  6:13  SCV x2, Marine  
  76  6:16  Supply Depot  
  79  6:20  SCV, Marine x2  
  83  6:25  SCV  
  83  6:28  SCV, Refinery  
  83  6:30  Marine x3  
  83  6:31  Medivac  
  83  6:32  Supply Depot  
  89  6:34  Medivac  
  89  6:37  Marine  
  89  6:38  Marine  
  93  6:41  SCV  
  94  6:48  Marine x3  
  94  6:49  Siege Tank  
  94  6:51  SCV  
  94  6:52  SCV  
  94  6:53  Supply Depot  
  102  6:55  Marine x2  
  102  6:58  SCV  
  102  7:00  Marine x2, Supply Depot  
  102  7:01  Marine x2  
  109  7:03  SCV, Supply Depot  
  109  7:04  SCV  
  109  7:05  Armory  
  109  7:06  Marine x2  
  109  7:07  Medivac  
  115  7:08  Marine  
  115  7:11  SCV  
  115  7:14  Marine  
  115  7:15  SCV, Marine  
  120  7:18  Marine x3  
  120  7:20  Supply Depot, Marine  
  124  7:23  Marine  
  124  7:24  Marine  
  126  7:30  Refinery  
  126  7:31  Supply Depot  
  126  7:33  Marine x3  
  126  7:34  Siege Tank  
  126  7:36  Marine x2  
  134  7:37  Factory  
  134  7:48  Marine x2  
  136  7:52  Terran Infantry Armor Level 2, Terran Infantry Weapons Level 2  
  136  7:53  Marine x2  
  138  7:59  Command Center  
  138  8:02  SCV  
  138  8:03  Medivac x2  
  143  8:12  Marine x2  
  124  8:13  Marine x4  
  124  8:15  Siege Tank  
  124  8:18  Marine x3  
  124  8:19  SCV  
  135  8:29  SCV x2, Factory Tech Lab  
  135  8:30  Marine x2  
  135  8:33  Marine x3  
  142  8:37  Marine x2  
  142  8:38  Medivac x2, Marine x2  
  150  8:43  Supply Depot  
  150  8:48  Marine x2  
  150  8:51  Marine, Siege Tank  
  156  9:00  Terran Vehicle Weapons Level 1  
  156  9:03  Marine  
  156  9:04  Marine x3  
  156  9:05  Siege Tank  
  159  9:13  Marine x3  
  159  9:14  Marine  
  163  9:21  Marine x2  
  163  9:22  Marine x3  
  150  9:24  Orbital Command  
  150  9:25  Siege Tank  
  150  9:27  SCV x2  
  144  9:31  Marine x4  
  132  9:38  Marine  
  132  9:39  SCV, Marine  
  132  9:42  Marine  
  129  9:46  SCV  
  127  9:58  Marine x3  
  127  9:59  Siege Tank  
  127  10:03  SCV x3  
  127  10:06  Supply Depot  
  130  10:07  Supply Depot  
  130  10:08  Supply Depot  
  130  10:13  Marine x3, Siege Tank  
  135  10:17  Marine  
  135  10:20  Terran Infantry Weapons Level 3, Terran Infantry Armor Level 3  
  136  10:22  Marine x2  
  136  10:23  SCV x2  
  136  10:28  SCV  
  141  10:35  SCV x2  
  143  10:40  SCV  
  143  10:43  Marine x3, Siege Tank  
  143  10:47  SCV x2, Planetary Fortress  
  143  10:49  Supply Depot  
  151  10:52  SCV  
  151  10:56  Barracks  
  151  10:57  Barracks x2  
  151  10:59  SCV x2  
  152  11:04  SCV  
  152  11:05  Siege Tank  
  152  11:06  Medivac x2  
  160  11:15  SCV  
  160  11:16  Siege Tank, Refinery  
  164  11:19  Refinery  
  164  11:23  Marine x2  
  164  11:24  Marine x4  
  170  11:27  SCV  
  170  11:28  SCV, Supply Depot  
  172  11:46  SCV  
  172  11:47  SCV x2, Siege Tank  
  172  11:48  Marine x2, Siege Tank  
  172  11:49  Marine x3  
  172  11:50  Barracks Tech Lab x3  
  172  11:51  Medivac x2  
  160  12:07  Marauder  
  160  12:08  SCV x3  
  164  12:13  Refinery  
  165  12:16  Marauder x3  
  165  12:17  Concussive Shells  
  165  12:19  SCV, Supply Depot, Ghost Academy  
  165  12:20  Supply Depot  
  165  12:21  Viking x2  
  174  12:24  Command Center  
  174  12:26  SCV x2  
  174  12:27  Missile Turret  
  174  12:28  Marauder  
  174  12:29  SCV  
  179  12:31  SCV  
  176  12:38  SCV  
  176  12:40  Siege Tank  
  179  12:49  Marauder x3  
  179  12:50  Marauder  
  186  12:55  Missile Turret  
  186  12:58  Personal Cloaking  
  186  13:10  Ghost x2  
  186  13:11  SCV x2, Viking  
  186  13:12  Command Center, Viking  
  190  13:20  Supply Depot  
  190  13:25  Sensor Tower  
  190  13:32  Ghost  
  190  13:33  Marine x2, Ghost  
  167  13:38  Ghost x2  
  154  13:44  Marine  
  154  13:45  Marine  
  154  13:47  Marine  
  154  13:48  Marine  
  141  14:01  Ghost  
  141  14:02  Marauder  
  143  14:03  Siege Tank x2  
  143  14:07  Ghost  
  143  14:08  Marauder  
  149  14:23  Ghost  
  151  14:28  Ghost  
  151  14:30  Missile Turret  
  153  14:33  Liberator x2  
  153  14:35  Siege Tank x2  
  165  14:46  Planetary Fortress  
  165  14:49  Missile Turret  
  165  15:06  SCV x2  
  159  15:07  Siege Tank x2  
  159  15:08  Refinery  
  159  15:09  Sensor Tower  
  159  15:10  Ghost  
  159  15:12  Marauder  
  159  15:14  Supply Depot x2  
  169  15:18  SCV x2  
  169  15:19  SCV  
  172  15:34  Terran Vehicle Weapons Level 2  
  172  15:37  Command Center  
  172  15:38  Marauder x2, Marine  
  172  15:39  Siege Tank  
  172  15:51  Marauder x2, Marine x2  
  174  15:58  Marine  
  174  15:59  Marauder x2  
  174  16:01  Sensor Tower  
  179  16:07  Enhanced Shockwaves  
  179  16:13  Marauder  
  179  16:16  Marauder, Missile Turret  
  183  16:21  Marauder  
  185  16:29  Siege Tank  
  185  16:32  Starport  
  188  16:33  Starport  
  188  16:43  Command Center  
  184  16:57  Ghost x2  
  184  17:00  Siege Tank  
  176  17:14  Marauder x2, Marine x3  
  183  17:26  Marauder, Nuke  
  185  17:33  Command Center  
  185  17:45  Siege Tank x2  
  191  18:05  Liberator  
  184  18:23  Siege Tank  
  184  18:24  Siege Tank  
  188  18:27  Starport Reactor x2, Orbital Command  
  180  18:42  Terran Vehicle Weapons Level 3  
  180  18:46  Armory  
  180  18:47  Neosteel Armor  
  180  18:50  Viking x2  
  180  18:54  Missile Turret x2  
  184  19:05  Command Center  
  184  19:07  Planetary Fortress  
  184  19:09  Planetary Fortress  
  184  19:15  Siege Tank x2  
  190  19:20  Refinery  
  190  19:21  Refinery  
  190  19:23  Sensor Tower  
  187  19:41  Viking x4  
  195  19:57  Terran Vehicle And Ship Armor Level 1  
  195  20:00  Command Center  
  192  20:14  Sensor Tower  
  190  20:24  Command Center  
  182  20:29  Viking  
  182  20:30  Viking x2  
  184  20:55  Missile Turret x2  
  184  20:58  Planetary Fortress  
  184  21:00  Siege Tank  
  184  21:04  Missile Turret  
  187  21:09  Viking x5  
  197  21:13  Fusion Core  
  197  21:14  Orbital Command  
  197  21:19  Command Center  
  197  21:20  Terran Ship Weapons Level 1  
  197  21:22  Marauder, Marine, Sensor Tower  
  200  21:51  Missile Turret  
  200  21:57  Refinery, Missile Turret  
  200  21:58  Refinery  
  200  21:59  Missile Turret  
  200  22:05  Command Center  
  200  22:07  Command Center  
  199  22:12  Missile Turret  
  199  22:13  Marauder x2, Marine  
  198  22:34  Marauder  
  200  22:43  Command Center  
  200  22:50  Terran Vehicle And Ship Armor Level 2  
  200  22:52  Advanced Ballistics  
  200  23:11  Missile Turret  
  191  23:29  Missile Turret  
  191  23:30  Marauder x3, Marine x6, Missile Turret x2  
  191  23:31  Sensor Tower  
  197  23:48  Viking  
  199  23:49  Terran Ship Weapons Level 2  
  186  24:03  SCV  
  186  24:05  Orbital Command  
  186  24:06  Orbital Command  
  184  24:10  Marine  
  184  24:11  Marauder x4, Marine x3, Rapid Reignition System  
  184  24:12  Marine x3  
  189  24:26  Command Center  
  179  24:32  Marauder  
  179  24:33  Marauder x3  
  179  24:38  Marine x3  
  173  24:43  Marine  
  156  24:47  Siege Tank x2  
  158  24:53  Ghost x2  
  158  24:54  Marauder x2, Planetary Fortress  
  158  24:57  Marine  
  158  24:58  Marine x4  
  158  24:59  Medivac x5  
  181  25:00  Medivac  
  183  25:14  Ghost x2  
  183  25:19  Siege Tank  
  190  25:22  Ghost x2  
  190  25:27  Refinery  
  194  25:29  Liberator x2  
  180  26:07  Unknown  
  172  26:18  Siege Tank x2  
  177  26:20  Liberator  
  177  26:21  Viking  
  177  26:22  Planetary Fortress  
  177  26:24  Ghost  
  172  26:29  Viking  
  172  26:30  Liberator x2, Viking  
  172  26:32  SCV x7  
  185  26:44  SCV x4  
  189  26:47  Missile Turret  
  189  26:48  Marauder x3, Marine x4  
  189  26:49  Missile Turret  
  189  26:50  Missile Turret  
  199  26:56  SCV x2  
  191  27:24  Viking x3  
  197  27:35  Viking  
  192  28:02  Missile Turret  
  192  28:03  Thor, Missile Turret  
  192  28:04  Missile Turret  
  198  28:06  Missile Turret x2  
  194  28:24  Missile Turret  
  194  28:26  Nuke  
  194  28:27  Terran Vehicle And Ship Armor Level 3, Terran Ship Weapons Level 3  
  191  28:50  Viking x4  
  192  28:58  Missile Turret x2  
  192  29:00  SCV x2  
  192  29:01  SCV  
  195  29:10  Orbital Command  
  195  29:22  Viking  
  195  29:23  Viking  
  195  29:24  Orbital Command x2  
  192  29:25  Liberator, Viking x3  
  180  29:43  Ghost x2  
  183  29:51  Thor  
  189  29:52  Viking  
  189  29:53  Viking  
  188  30:03  Nuke  
  178  30:23  Viking  
  178  30:24  Thor, Viking  
  178  30:25  Viking  
  190  30:38  SCV x3  
  190  30:39  SCV x4  
  190  30:40  Refinery  
  190  30:42  Refinery  
  196  30:50  SCV  
  196  30:54  Viking  
  199  31:13  Missile Turret x4  
  199  31:14  Missile Turret  
  193  31:25  Marauder, Marine x4  
  197  31:26  Marauder x2  
  200  31:56  Sensor Tower  
  200  32:13  Command Center  
  200  32:22  Missile Turret  
  200  32:23  Missile Turret  
  200  32:28  Nuke  
  197  32:57  Orbital Command  
  190  33:19  Nuke  
  190  33:26  SCV  
  191  33:27  SCV x3  
  194  33:37  Ghost Academy x3  
  194  33:38  Marauder  
  194  33:40  Marauder x2, Marine  
  194  33:46  Marauder, Marine x2  
  198  33:59  Marauder  
  200  34:04  Missile Turret x2  
  200  34:05  Missile Turret  
  200  34:16  Viking x4  
  200  34:25  Missile Turret  
  199  34:35  Ghost x2  
  182  35:13  Orbital Command  
  180  35:35  Nuke  
  178  35:37  Nuke x3  
  178  35:51  Orbital Command  
  175  36:00  Marine x4  
  175  36:01  Marauder x4, Marine x3  
  190  36:18  Missile Turret  
  190  36:22  Marauder x3  
  190  36:25  Nuke x2  
  196  36:28  Marauder, Marine x2  
  200  36:38  Nuke  
  191  37:14  Viking x2  
  173  37:18  Viking x2  
  147  37:22  Viking  
  147  37:23  Viking  
  147  37:24  Ghost x4  
  128  37:39  Orbital Command  
  122  37:44  Viking x2  
  122  37:48  Viking  
  122  37:52  Ghost  
  122  37:53  Ghost  
  125  38:01  Ghost  
  125  38:04  Viking x3  
  133  38:39  Liberator x2  
  139  38:42  Marauder x2, Marine x5  
  139  38:43  Marauder x2, Marine x3  
  155  39:03  Marauder  
  155  39:04  Marauder x2  
  161  39:22  Orbital Command  
  150  39:41  Marauder x2, Marine x2  
  150  39:42  Marauder, Marine x4  

Tags
 
Add a new tag
Caveats
  • Supply blocks, unpowered buildings, or Contaminate may cause inaccurate times.
  • Supply counts are checked every 10 seconds.